 Dungeon Crawl Stone Soup version 0.28-a0-60-g54b5640690 (webtiles) character file.

Game seed: 3798146896326650627

2886 pkoi the Grappler (level 9, -1/70 HPs)
             Began as a Green Draconian Monk on July 30, 2021.
             Killed by divine providence
             ... invoked by an orc priest
              (13 damage)
             ... on level 6 of the Dungeon.
             The game lasted 00:12:49 (9625 turns).

pkoi the Grappler (Green Draconian Monk)            Turns: 9625, Time: 00:12:50

Health: -1/70      AC:  2    Str: 15    XL:     9   Next: 48%
Magic:  13/15      EV: 20    Int: 19    God:
Gold:   279        SH:  5    Dex: 18    Spells: 13/16 levels left

rFire   . . .      SeeInvis .     - Unarmed
rCold   . . .      Faith    .   (shield currently unavailable)
rNeg    . . .      Spirit   .   (armour unavailable)
rPois   x          Reflect  +   (helmet currently unavailable)
rElec   .          Harm     .   (cloak currently unavailable)
rCorr   .          Rampage  .   (gloves currently unavailable)
Will    .....                   (boots currently unavailable)
Stlth   ++........              m - amulet of reflection
HPRegen 0.21/turn               n - +6 ring of intelligence
MPRegen 0.14/turn               (no ring)

@: lethally poisoned (-1 -> -5), spider-form
A: venomous fangs, (breathe noxious fumes), AC +7, tiny, unfitting armour,
(poison resistance), (cold-blooded)
a: End Transformation


You were on level 6 of the Dungeon.
You were a venomous arachnid creature.
You visited 2 branches of the dungeon, and saw 10 of its levels.
You also visited: Ossuary.

You collected 279 gold pieces.

Inventory:

Missiles
 e - 2 throwing nets
 j - 7 boomerangs (quivered)
 s - 17 poisoned darts
Jewellery
 m - an amulet of reflection (around neck)
 n - a +6 ring of intelligence (left front leg)
Wands
 r - a wand of paralysis (7)
 t - a wand of mindburst (10)
Scrolls
 c - a scroll of fog
 d - 6 scrolls of teleportation
 f - 7 scrolls of identify
 k - 3 scrolls of blinking
 l - 2 scrolls of brand weapon
 p - a scroll of magic mapping {unknown}
Potions
 a - a potion of magic
 b - 3 potions of haste {unknown}
 g - 5 potions of curing
 h - 2 potions of heal wounds
 i - 4 potions of might
 o - 2 potions of invisibility
 q - 2 potions of mutation {unknown}


   Skills:
 - Level 3.2 Fighting
 - Level 2.6 Dodging
 - Level 1.7 Stealth
 + Level 8.8 Unarmed Combat
 - Level 4.0 Spellcasting
 + Level 6.3 Transmutations
 + Level 7.7 Poison Magic


You had 13 spell levels left.
You knew the following spells:

 Your Spells              Type           Power      Damage    Failure   Level
a - Spider Form           Tmut/Pois      15%        N/A       9%          3

Your spell library contained the following spells:

 Spells                   Type           Power      Damage    Failure   Level
 Ensorcelled Hibernation  Hex/Ice        6%         N/A       41%         2
 Stone Arrow              Conj/Erth      6%         3d7       61%         3
 Bolt of Magma            Conj/Fire/Erth 1%         4d4       99%         5
 Shadow Creatures         Summ           N/A        N/A       100%        6
 Shatter                  Erth           1%         3d6*      100%        9


Dungeon Overview and Level Annotations

Branches:
Dungeon (9/15)             Temple (1/1) D:6            Lair (0/6) D:9
Ossuary (visited)
    Orc: D:9-12

Altars:
Ashenzari
Cheibriados
Fedhas
Gozag
Hepliaklqana
Kikubaaqudgha
Makhleb
Nemelex Xobeh
Okawaru
Qazlal
Ru
Sif Muna
Uskayaw
Vehumet
Wu Jian
Xom
Yredelemnul
Zin
The Shining One

Shops:
D:4 [

Annotations:
D:3 Grinder
D:9 Gastronok


Innate Abilities, Weirdness & Mutations

You are a venomous arachnid creature.
You have poisonous fangs.
You are tiny and dextrous.
Your spellcasting is less reliable in this form.
Your armour is entirely melded.
You are incapable of wielding weapons or throwing items.
((You can breathe blasts of noxious fumes.))
((Your lurid green scales are hard. (AC +7)))
You cannot fit into any form of body armour.
((Your system is resistant to poisons. (rPois)))
((You are cold-blooded and may be slowed by cold attacks.))


Message History

Unknown command.
You hit the scorpion.
The scorpion is poisoned.
The scorpion is lightly wounded.
You feel very sick. The scorpion completely misses you.
You bite the scorpion!
The scorpion looks as sick as possible!
The scorpion is severely wounded.
You feel very sick.
You kill the scorpion!
The orc priest mumbles some strange prayers to Beogh against you.
Beogh smites you!
You feel very sick.
The orc priest calls down the wrath of Beogh upon you.
Beogh smites you!
* * * LOW HITPOINT WARNING * * *
You block the orc's attack.
You see here a scorpion corpse.
You hit the orc but do no damage.
The orc is poisoned.
You feel sick.
You hit the orc but do no damage.
The orc looks as sick as possible!
You feel very sick. You block the orc's attack.
You hit the orc.
You kill the orc!
You feel sick.
You hit the howler monkey zombie.
The howler monkey zombie is lightly damaged.
You feel sick.
The orc priest miscasts a cantrip.
The howler monkey zombie misses you.
You bite the howler monkey zombie!
The howler monkey zombie is severely damaged.
You feel sick.
The orc priest looks braver for a moment.
The howler monkey zombie hits you but does no damage.
You bite the howler monkey zombie!
The howler monkey zombie is almost destroyed.
You feel sick.
The orc priest invokes the aid of Beogh against you.
Beogh smites you!
You die...

#.##..# ##.....## #.###
#..... ##.......###.#..
####....###)........##.#..
#........)'...).....'.....
#.##....###.........##....
#.##....####.......###....
#.........###.....## #.#.#
#..####'#.# ##...## #.#.#
#. ≈§§#s# ##+## #.#.. #
#≈_§§#Z## #.###
#≈>⌠≈#.o### #.. .
#≈≈≈≈#..#.# #####
######...# #
......##).....# ...#..#
....... ... #.## ......#
#. .. ......#


You could see an orc priest and a howler monkey zombie.

Vanquished Creatures
  Joseph (D:7)
  2 wraiths (Ossuary)
  Menkaure (D:4)
  2 water moccasins (D:6)
  Duvessa (D:6)
  An ice beast (D:6)
  A sky beast (D:5)
  3 black bears
  A necrophage (D:4)
  2 ogres (D:5)
  A centaur (D:6)
  A phantom (D:4)
  2 bullfrogs
  2 scorpions
  Dowan (D:6)
  2 wights (Ossuary)
  A centaur zombie (D:8)
  4 hounds (D:5)
  2 centaur skeletons (D:6)
  An orc priest (D:4)
  2 bullfrog skeletons
  2 orc wizards
  An iguana (D:6)
  10 gnolls
  6 adders
  An adder zombie (Ossuary)
  A worm (D:2)
  3 dart slugs
  8 orcs
  4 endoplasms
  5 giant cockroaches
  7 goblins
  5 hobgoblins
  11 jackals
  7 kobolds
  3 quokkas
  5 ball pythons
  2 ball python skeletons (Ossuary)
  4 bats
  4 hobgoblin skeletons (Ossuary)
  A kobold zombie (Ossuary)
  2 orc skeletons (Ossuary)
  3 rats
129 creatures vanquished.

Notes
Turn   | Place    | Note
-------+----------+-------------------------------------------
     0 | D:1      | pkoi the Draconian Monk began the quest for the Orb.
     0 | D:1      | Reached XP level 1. HP: 19/19 MP: 1/1
   177 | D:1      | Found a faded altar of an unknown god.
   202 | D:1      | Reached XP level 2. HP: 19/26 MP: 2/2
   553 | D:1      | Reached skill level 4 in Unarmed Combat
  1079 | D:2      | Reached XP level 3. HP: 13/31 MP: 3/3
  2012 | D:1      | Reached skill level 5 in Unarmed Combat
  2012 | D:1      | Reached XP level 4. HP: 11/38 MP: 4/4
  2534 | D:2      | Learned a level 3 spell: Spider Form
  2950 | D:3      | Noticed Grinder
  3419 | D:4      | Noticed a black bear
  3586 | D:3      | Reached skill level 1 in Transmutations
  3586 | D:3      | Reached skill level 1 in Poison Magic
  3586 | D:3      | Reached XP level 5. HP: 38/45 MP: 5/5
  3684 | D:3      | Paralysed by Grinder for 3 turns
  4153 | D:4      | Noticed a phantom
  4174 | D:4      | Killed a phantom
  4175 | D:4      | Reached XP level 6. HP: 47/51 MP: 6/6
  4186 | D:4      | Noticed Menkaure
  4562 | D:4      | Reached skill level 6 in Unarmed Combat
  4606 | D:4      | Found Pulamn's Armour Boutique.
  4954 | D:4      | Reached skill level 1 in Spellcasting
  5071 | D:4      | Your scales start taking on a lurid green colour.
  5071 | D:4      | Reached XP level 7. HP: 46/57 MP: 1/9
  5071 | D:4      | Gained mutation: Your system is resistant to poisons.
                  | (rPois) [Green Draconian growth]
  5209 | D:4      | Killed Menkaure
  5518 | D:5      | Entered Level 5 of the Dungeon
  5738 | D:5      | Reached skill level 7 in Unarmed Combat
  5769 | D:5      | Reached XP level 8. HP: 47/63 MP: 12/12
  5786 | D:5      | Found a sand-covered staircase.
  5795 | Ossuary  | Entered an ossuary
  5957 | Ossuary  | Noticed a flying skull
  5964 | Ossuary  | Noticed a flying skull
  5990 | Ossuary  | Noticed a flying skull
  6015 | Ossuary  | Reached skill level 5 in Poison Magic
  6116 | Ossuary  | Noticed a flying skull
  6966 | D:5      | Found a shimmering blue altar of Sif Muna.
  6966 | D:5      | Found an iron altar of Okawaru.
  7548 | D:6      | Reached skill level 5 in Transmutations
  7826 | D:6      | Reached skill level 8 in Unarmed Combat
  7851 | D:6      | You fall into a shaft and drop 3 floors!
  7889 | D:9      | Found a staircase to the Lair.
  7958 | D:9      | Noticed Gastronok
  7976 | D:8      | Reached XP level 9. HP: 30/70 MP: 15/15
  8384 | D:7      | Noticed Joseph
  8403 | D:7      | Killed Joseph
  9056 | D:6      | Found a staircase to the Ecumenical Temple.
  9093 | Temple   | Entered the Ecumenical Temple
  9346 | D:6      | Noticed Duvessa
  9346 | D:6      | Noticed Dowan
  9354 | D:6      | Killed Dowan
  9363 | D:6      | Killed Duvessa
  9601 | D:6      | Found a blossoming altar of Fedhas.
  9625 | D:6      | Killed from afar by an orc priest

Illustrated notes

Levels and vault maps discovered:
D:1:      matt_arrival_refuge, layout_basic, ebering_ecumenical_altar_petrified
D:2:      layout_rooms, minmay_fractal_squares_gapless_5
D:3:      layout_rooms, serial_curves, eino_curves_03, eino_curves_04,
          eino_curves_04, eino_curves_04, uniq_grinder
D:4:      layout_loops_corners, serial_shops, nicolae_square_shop,
          minmay_quadrilaterals, uniq_menkaure
D:5:      layout_loops_ring, gammafunk_temple_overflow_statue,
          nicolae_ossuary_entry_monument
D:6:      layout_loops_corners, gammafunk_temple_overflow_wave,
          general_overflow_altar, minmay_temple_entry_statues_fountains,
          uniq_duvessa, uniq_edmund
D:7:      layout_gridville, gammafunk_ghost_nasty_kobolds, uniq_joseph,
          uniq_harold
D:8:      layout_loops_corners, serial_shops, shop, grunt_ministairs_4,
          uniq_maurice, uniq_pikel
D:9:      layout_irregular_city, lair_entry_dummy, gammafunk_ghost_spectres,
          minmay_ruffians, uniq_erolcha, uniq_gastronok
Temple:   regret_index_temple_sphere_string

Skill      XL: |  1  2  3  4  5  6  7  8  9 |
---------------+----------------------------+-----
Unarmed Combat | 4 5 6 7 8 |  8.8
Transmutations | 1 2 3 5 6 |  6.3
Poison Magic   | 1 2 3 4 6 7 |  7.7
Spellcasting   | 1 2 4 |  4.0
Fighting       | |  3.2
Dodging        | |  2.6
Stealth        | |  1.7

Action                   |  1- 3 |  4- 6 |  7- 9 || total
-------------------------+-------+-------+-------++-------
Melee: Unarmed           |   108 |   186 |   302 ||   596
       Tailslap          |    12 |    22 |    39 ||    73
       Punch             |     1 |     3 |    12 ||    16
Throw: Boomerang         |    21 |     2 |       ||    23
       Throwing net      |     1 |       |       ||     1
 Cast: Spider Form       |       |     1 |     5 ||     6
 Abil: Breathe Noxious F |       |       |     1 ||     1
  Use: Scroll            |     3 |     6 |     3 ||    12
       Potion            |       |     6 |     1 ||     7
 Stab: Sleeping          |     3 |     3 |     4 ||    10
       Held in net/web   |     1 |       |       ||     1
       Confused          |       |       |     2 ||     2
Armor: Skin              |    21 |    58 |    61 ||   140
Dodge: Dodged            |    59 |   116 |   167 ||   342
Block: Other             |       |     1 |    74 ||    75
       Reflection        |       |       |     2 ||     2

Table legend: (Time is in decaauts)
 A = Elapsed time spent in this place.
 B = Non-inter-level travel time spent in this place.
 C = Inter-level travel time spent in this place.
 D = Time resting spent in this place.
 E = Time spent auto-exploring this place.
 F = Levels seen in this place.
 G = Mean time per level.
                   A        B        C        D        E       F      G
               +--------+--------+--------+--------+--------+-----+--------+
         Total |   9609 |   9239 |    370 |   3774 |   3748 |  11 |  873.5 |
       Dungeon |   8654 |   8288 |    366 |   3415 |   3327 |   9 |  961.6 |
        Temple |    163 |    159 |      4 |      0 |    143 |   1 |  163.0 |
       Ossuary |    791 |    791 |      0 |    359 |    278 |   1 |  791.0 |
               +--------+--------+--------+--------+--------+-----+--------+

Top non-repeatable levels by time:
     D:1: 1869 daAuts
     D:4: 1630 daAuts
     D:2: 1190 daAuts
     D:6: 1155 daAuts
     D:5: 1104 daAuts
     D:3: 954 daAuts
 Ossuary: 791 daAuts
     D:7: 338 daAuts
     D:8: 298 daAuts
  Temple: 163 daAuts
     D:9: 113 daAuts
